Cogmind - Beta 14 @@@ ROGUE MODE // 2025.03.28 @ 18:26:18 Player: NeoBioHazard Result: Destroyed by G-47 Trooper with Particle Gun Performance ------------- Evolutions (0) 0 Regions Visited (4) 800 Robots Destroyed (17) 85 Value Destroyed (339) 339 Prototype IDs (23) 460 Alien Tech Used (0) 0 Bonus (300) 300 TOTAL SCORE: 1984 Bonus ------- Aligned with FarCom 300 Cogmind --------- Core Integrity 0/250 Matter 300/300 Energy 250/250 System Corruption 2% Temperature Cool (96) Movement Core (350) Ox6 Location -9/Mines Parts ------- > --- POWER (1) -------- Ion Engine > --- PROPULSION (2) --- (None) > --- UTILITY (2) ------ Medium Storage Unit Seismic Detector > --- WEAPON (2) ------- Small Laser Heavy Hammer > --- INVENTORY (10) --- Light Ion Engine Improved Heat Sink Visual Processing Unit Sensor Array Improved Terrain Scanner Latent Energy Streamer Peak State ------------ > --- POWER ------------ Ion Engine > --- PROPULSION ------- Aluminum Leg Aluminum Leg > --- UTILITY ---------- Medium Storage Unit Seismic Detector > --- WEAPON ----------- Small Laser Heavy Hammer > --- INVENTORY -------- Light Ion Engine Improved Heat Sink Visual Processing Unit Sensor Array Improved Terrain Scanner Latent Energy Streamer [Rating: 10] Favorites ----------- Power Ion Engine Engine Ion Engine Propulsion Aluminum Leg Leg Aluminum Leg Utility Seismic Detector Device Seismic Detector Storage Medium Storage Unit Weapon Medium Laser Energy Gun Medium Laser Ballistic Gun Assault Rifle Launcher Grenade Launcher Impact Weapon Heavy Hammer Build | -11 -10 -10 -10 -9 ------- Run | Yrd Mat Min Exi Min Slots Evolved . | . . . . . Power . | . . . . . Propulsion . | . . . . . Utility . | . . . . . Weapon . | . . . . . Parts Attached 18 | 8 6 . . 4 Power 3 | 1 2 . . . Engine 3 | 1 2 . . . Core . | . . . . . Reactor . | . . . . . Propulsion 2 | 2 . . . . Treads . | . . . . . Leg 2 | 2 . . . . Wheel . | . . . . . Hover . | . . . . . Flight . | . . . . . Utility 7 | 2 4 . . 1 Device 5 | 1 3 . . 1 Storage 2 | 1 1 . . . Processor . | . . . . . Hackware . | . . . . . Protection . | . . . . . Artifact . | . . . . . Weapon 6 | 3 . . . 3 Energy Gun 3 | 2 . . . 1 Energy Cannon . | . . . . . Ballistic Gun 1 | 1 . . . . Ballistic Cannon . | . . . . . Launcher 1 | . . . . 1 Special Weapon . | . . . . . Impact Weapon 1 | . . . . 1 Slashing Weapon . | . . . . . Piercing Weapon . | . . . . . Special Melee Weapon . | . . . . . Unidentified Prototypes . | . . . . . Parts Lost 6 | . 1 . . 5 Power 1 | . 1 . . . Propulsion 2 | . . . . 2 Utility . | . . . . . Weapon 3 | . . . . 3 Highest Loss Streak 3 | . 1 . . 3 To Critical Strikes . | . . . . . Average Slot Usage (%) 96 | . 99 100 100 87 Engine 13 | . 13 14 14 14 Leg 27 | . 28 28 28 26 Device 14 | . 14 14 14 14 Storage 14 | . 14 14 14 14 Energy Gun 22 | . 28 28 28 7 Launcher 2 | . . . . 9 Peak Build Rating 10 | 7 8 8 9 10 Average Rating 7 | 5 7 8 8 8 On Entrance 6 | . 7 8 8 9 Naked Turns . | . . . . . Heaviest Build 20 | 13 19 19 19 20 Greatest Support 20 | 20 20 20 20 20 Greatest Overweight (x) 6 | . . . . 6 Average Overweight (x) . | . . . . . Largest Inventory Capacity 10 | 8 10 10 10 10 Average Capacity 9 | 7 8 10 10 10 Most Carried 10 | 4 9 9 10 10 Average Carried 8 | 2 7 9 9 9 Final Capacity 10 | 8 10 10 10 10 Final Carried 10 | 4 9 9 10 6 Class Distribution -------------------- 100% | Mutant Dominant Class ---------------- Mutant | -10/Materials Mutant | -10/Mines Mutant | -10/Exiles Mutant | -9/Mines Resources | -11 -10 -10 -10 -9 ----------- Run | Yrd Mat Min Exi Min Matter Collected 457 | 294 83 . . 80 Remotely . | . . . . . Salvage Created 510 | 137 365 . . 8 Parts 37 | 7 30 . . . Haulers Intercepted . | . . . . . Recyclers Shooed 1 | 1 . . . . Parts Field Recycled . | . . . . . Retrieved Matter . | . . . . . Parts Self-Destructed . | . . . . . Prevented . | . . . . . Kills | -11 -10 -10 -10 -9 ------- Run | Yrd Mat Min Exi Min Combat Hostiles Destroyed 14 | . 12 . . 2 Guns 12 | . 12 . . . AOE 2 | . . . . 2 Classes Destroyed 6 | 2 3 . . 1 Tunneler 2 | 2 . . . . Recycler 1 | 1 . . . . Watcher 2 | . 2 . . . Swarmer 6 | . 6 . . . Grunt 6 | . 6 . . . Assembled 2 | . . . . 2 Best Kill Streak 3 | 2 3 . . 2 Combat Bots Only 3 | . 3 . . 2 Max Kills in Single Turn 2 | 1 2 . . 2 Gunslinging 1 | . 1 . . . Exploded 2 | . . . . 2 Melee . | . . . . . Uniques/NPCs Destroyed . | . . . . . Combat | -11 -10 -10 -10 -9 -------- Run | Yrd Mat Min Exi Min Hostile Shots Fired 98 | . 57 . . 41 Missed 19 | . 9 . . 10 Damage Taken 926 | . 479 . . 447 Core 250 | . 113 . . 137 Absorbed by Shields . | . . . . . Core Remaining (%) 100 | 100 . . . . Volleys Fired 63 | 8 45 . . 10 Largest 2 | 2 2 . . 2 Hottest 90 | 70 90 . . 90 Shots Fired 117 | 16 90 . . 11 Gun 112 | 16 90 . . 6 Cannon . | . . . . . Launcher 5 | . . . . 5 Special . | . . . . . Kinetic 8 | 8 . . . . Thermal 104 | 8 90 . . 6 Explosive 5 | . . . . 5 Electromagnetic . | . . . . . Robot Hit Streak 13 | 4 13 . . 7 Robot Miss Streak 6 | 1 6 . . 2 Penetration Max . | . . . . . Secondary Targets 3 | . 3 . . . Max Gunslinging Chain 1 | . 1 . . . Shots Hit Robots 72 | 11 53 . . 8 Core Hits 30 | 4 23 . . 3 Critical Kills 1 | 1 . . . . Critical Parts Destroyed . | . . . . . Critical Strikes 3 | 1 2 . . . Burn 2 | . 2 . . . Destroy 1 | 1 . . . . Melee Attacks 4 | . . . . 4 Impact 4 | . . . . 4 Slashing . | . . . . . Piercing . | . . . . . Sneak Attacks . | . . . . . Combat Hostiles . | . . . . . Follow-up Attacks . | . . . . . Damage Inflicted 1133 | 142 634 . . 357 Guns 808 | 142 630 . . 36 Cannons . | . . . . . Explosions 223 | . . . . 223 Melee 98 | . . . . 98 Ramming 4 | . 4 . . . Kinetic 67 | 67 . . . . Thermal 741 | 75 630 . . 36 Explosive 223 | . . . . 223 Electromagnetic . | . . . . . Impact 98 | . . . . 98 Slashing . | . . . . . Piercing . | . . . . . Highest Corruption 2 | . 2 2 2 2 Average Corruption 2 | . 2 2 2 2 Corruption Purged . | . . . . . Corruption Blocked . | . . . . . Effects 15 | . 8 . 2 5 Message Errors 4 | . 3 . . 1 Matter Fused 3 | . 2 . 1 . Heat Flow Errors 2 | . 1 . . 1 Energy Discharges 4 | . 1 . 1 2 Data Loss (minor) 2 | . 1 . . 1 Overload Shots . | . . . . . Overflow Damage 30 | . . . . 30 Projectiles . | . . . . . Explosions 30 | . . . . 30 Melee . | . . . . . Knockbacks 1 | . . . . 1 Impact 1 | . . . . 1 Kinetic . | . . . . . Secondary . | . . . . . Self-Inflicted Damage 49 | . . . . 49 Shots 3 | . . . . 3 Rammed . | . . . . . Targets Rammed 1 | . 1 . . . Kicked 1 | . 1 . . . Crushed . | . . . . . Highest Temperature 307 | 27 307 . . 132 Average Temperature 98 | 13 115 . . 40 Received Heat Transfer 351 | . 168 . . 183 Siege Activations . | . . . . . Robots Corrupted . | . . . . . Combat Hostiles . | . . . . . Parts Fried . | . . . . . Impact Corruptions . | . . . . . Robots Melted . | . . . . . Combat Hostiles . | . . . . . Parts Melted 3 | . 3 . . . Heat Transferred 2045 | 222 1748 . . 75 Parts Sabotaged . | . . . . . Parts Stolen . | . . . . . Parts Stripped . | . . . . . Power Chain Reactions . | . . . . . Alert | -11 -10 -10 -10 -9 ------- Run | Yrd Mat Min Exi Min Peak Influence 110 | 15 110 42 . 28 Initial 42 | . 9 42 . . Average 42 | 7 66 42 . 9 Maximum Alert Level . | . . . . . Low Security (%) 100 | 100 100 100 . 100 Level 1 . | . . . . . Level 2 . | . . . . . Level 3 . | . . . . . Level 4 . | . . . . . Level 5 . | . . . . . High Security . | . . . . . Max Security . | . . . . . Squads Dispatched 4 | . 3 . . 1 Investigation 1 | . 1 . . . Extermination . | . . . . . Reinforcement 2 | . 2 . . . Assault 1 | . . . . 1 Garrison . | . . . . . Intercept . | . . . . . Searches Triggered . | . . . . . Construction Impeded . | . . . . . Haulers Reinforced . | . . . . . Active Scanning Responses . | . . . . . Cargo Convoy Interrupts . | . . . . . Stealth | -11 -10 -10 -10 -9 --------- Run | Yrd Mat Min Exi Min Distress Signals 2 | . 1 . . 1 Communications Jammed . | . . . . . Distress Signals . | . . . . . Times Spotted 24 | . 16 . . 8 Peak Tracking Total 9 | . 3 . . 9 Tactical Retreats 2 | . 1 . . 1 Traps | -11 -10 -10 -10 -9 ------- Run | Yrd Mat Min Exi Min Traps Triggered 2 | . 2 . . . Indirectly . | . . . . . Trap Hack Attempts . | . . . . . Triggered . | . . . . . Disarmed . | . . . . . Reprogrammed . | . . . . . Reused . | . . . . . Traps Extracted . | . . . . . Installed . | . . . . . Triggered . | . . . . . Machines | -11 -10 -10 -10 -9 ---------- Run | Yrd Mat Min Exi Min Machines Disabled 1 | . . . . 1 Max in Single Turn . | . . . . . Machines Repaired . | . . . . . Machines Dismantled . | . . . . . Machines Sabotaged . | . . . . . Overloaded Fab Kills . | . . . . . Hacking | -11 -10 -10 -10 -9 --------- Run | Yrd Mat Min Exi Min Machines Accessed 8 | . 6 . 2 . Terminals 6 | . 6 . . . Fabricators . | . . . . . Repair Stations . | . . . . . Recycling Units . | . . . . . Scanalyzers . | . . . . . Garrison Access . | . . . . . Total Hacks 18 | . 16 . 2 . Successful 7 | . 5 . 2 . Failed 11 | . 11 . . . Catastrophic 3 | . 3 . . . Database Lockouts . | . . . . . Manual 15 | . 14 . 1 . Terminals 16 | . 16 . . . Fabricators . | . . . . . Repair Stations . | . . . . . Recycling Units . | . . . . . Scanalyzers . | . . . . . Garrison Access . | . . . . . Terminal Hacks 7 | . 5 . 2 . Record 1 | . . . 1 . Robot Analysis 2 | . 2 . . . Terminal Index 1 | . 1 . . . Unreport Threat 2 | . 2 . . . Derelict Proto ID Bank 1 | . . . 1 . Fabricator Hacks . | . . . . . Repair Station Hacks . | . . . . . Recycling Unit Hacks . | . . . . . Scanalyzer . | . . . . . Garrison Access Hacks . | . . . . . Unauthorized Hacks . | . . . . . Terminals . | . . . . . Fabricators . | . . . . . Repair Stations . | . . . . . Recycling Units . | . . . . . Scanalyzers . | . . . . . Garrison Access . | . . . . . Data Cores Recovered . | . . . . . Used . | . . . . . Hacking Detections 6 | . 6 . . . Full Trace Events 1 | . 1 . . . Feedback Events . | . . . . . Feedback Blocked . | . . . . . Robot Schematics Acquired . | . . . . . Robots Built . | . . . . . Authchips . | . . . . . Time . | . . . . . Total Robot Build Rating . | . . . . . Part Schematics Acquired . | . . . . . Parts Built . | . . . . . Authchips . | . . . . . Time . | . . . . . Total Part Build Rating . | . . . . . Parts Repaired . | . . . . . Time . | . . . . . Parts Recycled . | . . . . . Recycled Matter . | . . . . . Retrieved Matter . | . . . . . Retrieved Components . | . . . . . Parts Scanalyzed . | . . . . . Part Schematics Acquired . | . . . . . Parts Damaged . | . . . . . Bothacking | -11 -10 -10 -10 -9 ------------ Run | Yrd Mat Min Exi Min Used RIF Installer . | . . . . . Robots Hacked . | . . . . . Non-combat . | . . . . . Combat . | . . . . . Robot Hacks Applied . | . . . . . Relay Couplers Released . | . . . . . Fabnet Peak Effective % . | . . . . . Robots Rewired . | . . . . . Allies Hacked . | . . . . . Hacks Repelled . | . . . . . Allies | -11 -10 -10 -10 -9 -------- Run | Yrd Mat Min Exi Min Total Allies 1 | . . . . 1 Largest Group 1 | . . . . 1 Highest-Rated Group 31 | . . . . 31 Highest-Rated Ally 31 | . . . . 31 Total Orders . | . . . . . Ally Attacks 11 | . . . . 11 Total Damage 126 | . . . . 126 Kills . | . . . . . Allies Corrupted . | . . . . . Allies Melted . | . . . . . Intel | -11 -10 -10 -10 -9 ------- Run | Yrd Mat Min Exi Min Robot Analysis Total 2 | . 2 . . . Derelict Logs Recovered 2 | . . . . 2 Drone Launches . | . . . . . Drone Recoveries . | . . . . . Exploration | -11 -10 -10 -10 -9 ------------- Run | Yrd Mat Min Exi Min Turns Passed 1480 | 120 695 14 273 378 Spaces Moved 936 | 70 433 12 227 194 Core 6 | 5 . . . 1 Treads . | . . . . . Legs 930 | 65 433 12 227 193 Wheels . | . . . . . Hover . | . . . . . Flight . | . . . . . Fastest Speed 50 | 50 120 120 120 120 Average Speed 119 | 115 120 120 120 121 Slowest Speed 350 | 120 120 120 120 350 Overloaded Moves . | . . . . . Propulsion Burnouts . | . . . . . Robots Hopped . | . . . . . Cave-ins Triggered . | . . . . . Exploration Rate (%) 41 | 6 90 4 62 47 Regions Visited 4 Branch Regions 3 Pre-discovered Areas 2 | . . . 1 1 Known Exits Taken . | . . . . . Unknown Exits Taken 4 | 1 1 1 1 . Scrap Searched . | . . . . . Spaces Dug . | . . . . . Terrain Destroyed 28 | . . . . 28 Melee . | . . . . . Projectile . | . . . . . AOE 28 | . . . . 28 Terrain Rammed . | . . . . . Walls Destroyed . | . . . . . Machines Disabled . | . . . . . Actions | -11 -10 -10 -10 -9 --------- Run | Yrd Mat Min Exi Min Total 1164 | 89 519 11 227 318 Wait 127 | . 23 . . 104 Move 932 | 69 432 11 226 194 Hop . | . . . . . Pick Up 11 | 4 6 . 1 . Fast Attach 8 | 7 1 . . . Attach 3 | . . . . 3 Detach . | . . . . . Swap 7 | 1 5 . . 1 Drop 8 | . 6 . . 2 Fire 63 | 8 45 . . 10 Melee 4 | . . . . 4 Ram . | . . . . . Kick 1 | . 1 . . . Crush . | . . . . . Escape Stasis . | . . . . . Rewire . | . . . . . Trap . | . . . . . Miscellaneous . | . . . . . Route ------- -11/Scrapyard -10/Materials (discovered 4 exits: [*Mat x2] / [*Min x2]) -10/Mines -10/Exiles -9/Mines History --------- Turn | Location | Event 4 | -11/Scrapyard | Discovered new exit (range 16) 121 | -11/Scrapyard | Entered Materials 197 | -10/Materials | Discovered new exit (range 15) 312 | -10/Materials | Build established: Mutant 413 | -10/Materials | Discovered new exit (range 16) 500 | -10/Materials | Discovered new exit (range 7) 762 | -10/Materials | Discovered new exit (range 9) 816 | -10/Materials | Entered Mines 825 | -10/Mines | Deemed a non-threat by the Exiles lab entrance 825 | -10/Mines | Discovered new exit (range 5) 830 | -10/Mines | Entered Exiles 858 | -10/Exiles | Met 8R-AWN 881 | -10/Exiles | Met EX-HEX 913 | -10/Exiles | Met EX-BIN 928 | -10/Exiles | Aligned with FarCom system 929 | -10/Exiles | Given EX-Vault access code 979 | -10/Exiles | Opened EX-Vault 989 | -10/Exiles | Found Latent Energy Streamer 1013 | -10/Exiles | Warned to stay clear of 0b10 Research branches 1047 | -10/Exiles | Met EX-DEC 1056 | -10/Exiles | Learned location of Zion (-6) 1089 | -10/Exiles | Discovered new exit (range 14) 1103 | -10/Exiles | Left Exiles lab with Latent Energy Streamer 1103 | -10/Exiles | Entered Mines 1123 | -9/Mines | Found a hidden stash of uninstalled traps 1150 | -9/Mines | Assembled infested the area 1155 | -9/Mines | Assisted by a Guerilla fighting off Assembled 1155 | -9/Mines | Learned Materials non-interactive machine intel 1174 | -9/Mines | Core integrity fell below 50% 1331 | -9/Mines | Met a Derelict testing a Signal Generator 1396 | -9/Mines | Learned location of Storage (-8) 1469 | -9/Mines | Core integrity fell below 20% 1481 | -9/Mines | Destroyed by G-47 Trooper with Particle Gun Last Messages --------------- 01344_ ALERT: Intercepting significant anomalous signal. Redirecting assault force. 01344_ Signal Generator's internal power supply exhausted. 01368_ Acquired 5 matter. 01368_ K-01 Serf collects debris. 01369_ Acquired 31 matter. 01371_ K-01 Serf collects debris. 01396_ Acquired derelict log, extracted data. World map updated: -8/Storage. 01418_ QMPTMH7UX=OC|HY# IDM=G8ZVYL 8JJ1BEV<4ET 01433_ Grenade Launcher destroyed. 01433_ Destroyed Grenade Launcher. 01442_ Dropped Seismic Detector. 01456_ SN-HHL(g) destroyed. 01458_ Aluminum Leg destroyed. 01459_ G-34 Mercenary knocked back. 01462_ G-47 Trooper heat short circuits Aluminum Leg. 01462_ Acquired 20 matter. 01462_ Aluminum Leg destroyed. 01479_ Critical hit (Burn: +37). Map ----- +----------------------------------------------------+ | ## ! #### # #?????????????????????????????? | | ?# #?### # ###?????????????????????????????? | | ?# ### # ## #???????????#???????????????????? | | ?# #?# ####?????????? ????????????????????? | | ## #?## %##?????????? #????????????????????? | | # ### #####???### #????????????????????? | | ### " " #???# ?????????????????????? | | ##?# """ ##### #??????????????????????? | | " #??# """ ## #??????????????????????? | | ##??## %#### #######??????????????????????? | | ####????## # #????????????????????????????? | | #????????#### #????????????????????????????? | | ????????????# ######????????????????????????????? | | ????????????# ####??????????????????????????????? | | ????????????# #??????????????????????????????? | | ????????????# #??????????????????????????????? | | ??????????### #########???????????????????????? | | ?????????## #### #???????????????????????? | | ?????????# !! #???????????????????????? | | ?????????# # #### #???????????????????????? | | ?????????## ## #??# %*######??????????????????? | | ??????????####### #### #??????????????????? | | ????????????????# #??????????????????? | | ????????????????###### #??????????????????? | | ?????????????????????# * ""#??????????????????? | | ?????????????????????# %@ g""#??????????????????? | | ?????????????????????# """#??????????????????? | | ?????????????????????# g #??????????????????? | | ?????????????????????# #??????????????????? | | ?????????????????????##########??????????????????? | | ?????????????????????????????????????????????????? | | ?????????????????????????????????????????????????? | | ?????????????????????????????????????????????????? | | ?????????????????????????????????????????????????? | | | | | | | | | | | | | | | | | | | | | | | | | | | | | | | | | +----------------------------------------------------+ Best States ------------- Heat Dissipation 25 Energy Generation 10 Energy Capacity 250 Matter Stores 300 Matter Capacity 300 Sight Range 16 Terrain Scan Density 10 Evasion (%) 55 Item Schematics ----------------- None Robot Schematics ------------------ None Fabricated ------------ Nothing Alien Tech Used ----------------- None Achievements -------------- None Challenges ------------ None Game ------ Seed HelicalMetafieldGravjet Manual? 0 Play Time 00:14:57 Cumulative 131.4 hours Start 2025.03.28 @ 18:14:25 End 2025.03.28 @ 18:26:18 Sessions 1 Manual Loads 0 Difficulty Rogue Special Mode None Game No. 264 Rogue 196 Adventurer 15 Explorer 53 Win Type - Total 3 Types 3/0/0/0/0/0/0/0/0 Lore% 38 Gallery% 61 Achievement% 47 Wizard Run 0 Options --------- Layout 0 ASCII 0 Keyboard 0 Movement Numpad Keybinds 0 Fullscreen 1 Font 18/SmallcapsGlow Map View 76x50 Zoom Use 0% Tactical HUD 1 Map Filters NONE Filters NONE Steam 1 RUN: 313c87a9-c665-4968-a415-7a8f889a221b